[Event "Late-Titled-Tuesday-Blitz-March-05-2024"]
[Site "Chess.com"]
[Date "2024.03.05"]
[Round "5"]
[White "Vse_po_kaify"]
[Black "OrtizAnahi2001"]
[Result "0-1"]
[WhiteElo "2401"]
[BlackElo "2543"]
[TimeControl "180+1"]
[EndTime "14:55:34 PST"]
[Termination "OrtizAnahi2001 won on time"]

1. e4 e5 2. Nf3 d6 3. d4 exd4 4. Nxd4 Nf6 5. Nc3 g6 6. Bg5 Bg7 7. Nd5 O-O 8. Qf3 Nbd7 9. O-O-O h6 10. Bh4 g5 11. Bg3 Nxd5 12. exd5 Ne5 13. Bxe5 dxe5 14. Nf5 Qf6 15. Bd3 e4 16. Qxe4 Qxb2+ 17. Kd2 Qc3+ 18.
Ke2 Bxf5 19. Qxf5 Rfe8+ 20. Kf1 Re5 21. Qh7+ Kf8 22. h4 Rae8 23. g3 Re1+ 24. Kg2 Rxd1 25. Rxd1 gxh4 26. gxh4 Qd4 27. Qf5 Qxh4 28. d6 cxd6 29.
Bb5 Re6 30. Rd3 Be5 31. Rf3 Qg5+ 32. Qxg5 hxg5 33. Bc4 Re7 34. Bd5 Kg7 35. c4 b6 36.
Rf5 f6 37. Kf3 Rc7 38. Kg4 b5 39. cxb5 Rc5 40. Bc6 Rc4+ 41. Kf3 Rc3+ 42. Kg2 Ra3 43.
Rf3 Rxa2 44. Be4 Ra4 45. Bd3 Rg4+ 46. Kf1 Rd4 47. Rh3 Kf7 48. Rh7+ Ke6 49. Bg6 Rd1+ 50. Kg2 Ra1 51. Be8 Kf5 52. Bc6 Kf4 0-1

[Event "Late-Titled-Tuesday-Blitz-March-05-2024"]
[Site "Chess.com"]
[Date "2024.03.05"]
[Round "5"]
[White "Bugcrusher"]
[Black "BebeBonito2022"]
[Result "1-0"]
[WhiteElo "2529"]
[BlackElo "2303"]
[TimeControl "180+1"]
[EndTime "14:55:34 PST"]
[Termination "Bugcrusher won on time"]

1. e4 e5 2. Nf3 Nc6 3. c3 d5 4.
Qa4 f6 5. exd5 Qxd5 6. d4 Bd7 7. Qb3 Qxb3 8. axb3 exd4 9. cxd4 O-O-O 10. Nc3 a6 11. Be3 Be6 12. Bc4 Bg4 13. d5 Nb4 14.
O-O-O Ne7 15. Rhe1 Nf5 16. Bf4 g5 17. Bg3 h5 18. h3 Bxf3 19. gxf3 h4 20. Bh2 Bc5 21. Ne4 Bb6 22. d6 Nxd6 23. Bxd6 cxd6 24. Nxf6 d5 25. Bxd5 Bxf2 26. Re7 Nxd5 27. Nxd5 Rhe8 28. Kc2 Rxe7 29. Nxe7+ Kc7 30. Rxd8 Kxd8 31. Nf5 Bc5 32. Kd3 Kd7 33. Kc4 Bf2 34. Kd5 Be1 35. Nd4 Bd2 36. Ne6 Bc1 37. Nc5+ Kc7 38. Nd3 Bd2 39. Ke6 b5 40. Kf5 Kc6 41. Ne5+ Kd5 42. Nf7 a5 43. Nxg5 Bc1 44. Ne6 Bxb2 45. Nc7+ Kc6 46. Ne6 a4 47. bxa4 bxa4 48. Nf4 a3 49. Nd3 1-0

[Event "Late-Titled-Tuesday-Blitz-March-05-2024"]
[Site "Chess.com"]
[Date "2024.03.05"]
[Round "5"]
[White "martinmena"]
[Black "adricalderon8"]
[Result "0-1"]
[WhiteElo "2307"]
[BlackElo "2523"]
[TimeControl "180+1"]
[EndTime "14:55:36 PST"]
[Termination "adricalderon8 won by checkmate"]

1. c4 e5 2. g3 Nf6 3. Bg2 h6 4. Nc3 Bb4 5. e4 Nc6 6. Nge2 O-O 7. O-O a5 8. d3 d6 9. Be3 Ng4 10. Bd2 Bc5 11. h3 Nf6 12. Kh2 Nd4 13. Be3 c6 14. f4 exf4 15. gxf4 Nxe2 16. Qxe2 Bxe3 17. Qxe3 Qe7 18. d4 Nd7 19. f5 Re8 20. Rae1 Qg5 21. Rf3 Nb6 22. b3 Qxe3 23. Rfxe3 c5 24. dxc5 dxc5 25. Nb5 Re7 26. Kg3 Bd7 27. Nc7 Rc8 28.
Nd5 Nxd5 29. exd5 Rxe3+ 30. Rxe3 Bxf5 31. d6 Rd8 32. Bxb7 Rxd6 33. Re5 Rd3+ 34. Kh2 Bxh3 35.
Rxc5 a4 36. bxa4 g6 37. a5 Be6 38. a6 Ra3 39. Rb5 Bxc4 40. Rb6 Kg7 41. Bc8 Rxa2+ 42. Kh3 h5 43. Kh4 Be6 44. Rc6 Bxc8 45. Rxc8 Rxa6 46. Rc4 Re6 47. Rb4 f5 48. Rc4 Kf6 49. Rb4 Re4+ 50.
Kg3 Rxb4 51. Kf3 g5 52. Kg2 h4 53. Kf2 g4 54. Kg2 f4 55. Kh2 f3 56. Kg1 g3 57.
Kf1 Rb1# 0-1

[Event "Late-Titled-Tuesday-Blitz-March-05-2024"]
[Site "Chess.com"]
[Date "2024.03.05"]
[Round "5"]
[White "SnekkerAndersen"]
[Black "mishanick"]
[Result "0-1"]
[WhiteElo "2706"]
[BlackElo "3072"]
[TimeControl "180+1"]
[EndTime "14:55:41 PST"]
[Termination "mishanick won on time"]

1. d4 Nf6 2. c4 e6 3. Nf3 d5 4. g3 Be7 5. Bg2 O-O 6. O-O dxc4 7. Qc2 a6 8. a4 Bd7 9. Qxc4 b5 10. Qc2 Nc6 11.
Bg5 bxa4 12. Nc3 Nb4 13. Qd2 Bc6 14. Nxa4 Ne4 15. Bxe7 Qxe7 16. Qc1 Nf6 17. Qc5 Qxc5 18. Nxc5 a5 19. Ne5 Bxg2 20. Kxg2 Nfd5 21. e3 Nb6 22. Rfc1 Rfc8 23. b3 c6 24. Ncd3 Nxd3 25. Nxd3 Nd7 26. Nc5 Nb6 27. Ne4 Kf8 28. Rc5 a4 29.
bxa4 Nxa4 30. Rc2 Ra6 31. Rac1 Ke7 32. h4 h6 33. g4 Kd7 34. Ra2 Rca8 35. g5 hxg5 36.
hxg5 Kc7 37. Rh1 Nc5 38. Rxa6 Nxa6 39. Ra1 Kb6 40. Nc5 Ra7 41. g6 fxg6 42. Rb1+ Kc7 43.
Nxe6+ Kd6 44. Nf4 g5 45. Nh3 g4 46. Nf4 Nc7 47. Kg3 Ra2 48. Rh1 Nb5 49. Rh4 Nc3 50.
Rxg4 Ne4+ 51. Kf3 Nd2+ 52. Kg2 Ne4 53. Nh3 Kd5 54. Rxg7 Nc3 55. Rg5+ Kd6 56. Nf4 Nd1 0-1

[Event "Late-Titled-Tuesday-Blitz-March-05-2024"]
[Site "Chess.com"]
[Date "2024.03.05"]
[Round "5"]
[White "Ze-Pequeno"]
[Black "Kgutierrez95"]
[Result "1-0"]
[WhiteElo "2315"]
[BlackElo "2190"]
[TimeControl "180+1"]
[EndTime "14:55:41 PST"]
[Termination "Ze-Pequeno won on time"]

1. e4 c5 2. Nf3 d6 3. d4 cxd4 4.
Nxd4 Nf6 5. Nc3 g6 6. Be3 Bg7 7. f3 O-O 8. Qd2 Nc6 9. O-O-O d5 10. exd5 Nxd5 11. Nxc6 bxc6 12. Bd4 Be6 13. Bxg7 Kxg7 14. Ne4 Qb6 15. h4 h5 16. c4 Nb4 17. a3 Na6 18. Qc3+ f6 19. Bd3 Nc5 20. Nxc5 Qxc5 21. Rhe1 Bf7 22.
b4 Qd6 23. Kb2 Qc7 24. g4 hxg4 25. fxg4 Rh8 26. Rh1 Qg3 27. Rdg1 Qf2+ 28. Qc2 Qxc2+ 29. Kxc2 Rad8 30. g5 f5 31. Kc3 e5 32. h5 e4 33.
h6+ Kh7 34. Be2 Rhe8 35. Rf1 Re7 36. Rd1 Rxd1 37. Rxd1 f4 38. Rf1 f3 39. Bxf3 exf3 40.
Rxf3 Be6 41. Rf6 Bf5 42. Rxc6 Rd7 43. b5 Be4 44. Re6 Bf5 45. Ra6 Kg8 46. c5 Kh7 47. c6 Rc7 48. Kd4 Re7 49. a4 Kg8 50. Kc5 Kf7 51.
a5 Ke6 52. b6 Ke5 53. Rxa7 1-0

[Event "Late-Titled-Tuesday-Blitz-March-05-2024"]
[Site "Chess.com"]
[Date "2024.03.05"]
[Round "5"]
[White "SaqoChess_Twitch"]
[Black "Fandorine"]
[Result "1-0"]
[WhiteElo "2651"]
[BlackElo "2913"]
[TimeControl "180+1"]
[EndTime "14:55:42 PST"]
[Termination "SaqoChess_Twitch won by resignation"]

1. d4 Nf6 2. c4 g6 3. Nc3 Bg7 4. Nf3 O-O 5. h3 d6 6. Bf4 c5 7. d5 Qb6 8. Qc1 e5 9. dxe6 Bxe6 10. e3 Nc6 11. Be2 d5 12. cxd5 Nxd5 13. O-O Nxf4 14. exf4 Nd4 15. Bd1 Rad8 16. Na4 Qb5 17. Nc3 Qa6 18. Re1 h6 19. Ne5 b5 20. Ne4 c4 21.
a4 Qa5 22. Nd2 b4 23. Ndxc4 Qc5 24. Ne3 Qb6 25. a5 Qb5 26. Qb1 b3 27. Qd3 Qxd3 28.
Nxd3 Nc6 29. Nc5 Bxb2 30. Rb1 Bc3 31. Nxe6 fxe6 32. Re2 b2 33. Rc2 Bxa5 34. Rxc6 Rb8 35. Rc2 Rfd8 36. Rbxb2 Rxb2 37. Rxb2 Bb6 38. Bg4 Kf7 39. Rc2 Kf6 40. Rc6 h5 41. Bxe6 Kg7 42. f5 gxf5 43. Bxf5 Rd2 44. g4 h4 45. g5 Re2 46. Re6 Rd2 47. Re7+ Kf8 48. Rd7 Rxd7 49. Bxd7 a5 50. Kg2 Kg7 51. Kf3 Bc5 52. Kg4 Bb4 53.
Nf5+ Kf8 54. f4 Bc5 55. Ba4 Bb4 56. Nxh4 Ke7 57. Nf5+ 1-0

[Event "Late-Titled-Tuesday-Blitz-March-05-2024"]
[Site "Chess.com"]
[Date "2024.03.05"]
[Round "5"]
[White "Irishchessman16"]
[Black "OverallStranger"]
[Result "1-0"]
[WhiteElo "2536"]
[BlackElo "2372"]
[TimeControl "180+1"]
[EndTime "14:55:44 PST"]
[Termination "Irishchessman16 won by checkmate"]

1. e4 c5 2. Nf3 Nc6 3. d4 cxd4 4. Nxd4 g6 5. Nxc6 bxc6 6. Qd4 Nf6 7. e5 Nd5 8. c4 Nb4 9. Qd2 Na6 10. Nc3 Bg7 11. Be2 Bxe5 12. Qh6 d6 13. O-O Nc5 14. Bf4 Bxf4 15. Qxf4 O-O 16. h4 h5 17. Bxh5 Ne6 18. Qg3 Qa5 19. Bf3 Rb8 20. Rab1 Ba6 21. Bxc6 Bxc4 22. Rfe1 Nd4 23. Be4 Nf5 24. Bxf5 Qxf5 25. Rxe7 Bxa2 26. Ra1 Rxb2 27. Rxa2 Rxa2 28. Nxa2 Qb1+ 29.
Kh2 Qxa2 30. h5 Qd5 31. hxg6 Qh5+ 32. Qh3 Qxh3+ 33. Kxh3 fxg6 34. Kg3 Rf7 35. Re6 Rd7 36. Rxg6+ Kf7 37. Rg4 d5 38. Rd4 Ke6 39. Kf4 Kd6 40. g4 Kc5 41. Rd1 d4 42. g5 Kc4 43. g6 d3 44. Kg5 Kc3 45. f4 Kc2 46. Rh1 d2 47. f5 Re7 48. Rh2 Kc3 49. Rxd2 Kxd2 50. f6 Re1 51. f7 Rf1 52. g7 Rxf7 53. g8=Q Rf1 54. Qd8+ Ke1 55. Qe7+ Kf2 56. Qxa7+ Ke2 57. Kg4 Rd1 58.
Qc5 Rd3 59. Kf4 Kd2 60. Ke4 Rc3 61. Qb4 Kc2 62. Qb5 Kc1 63. Kd4 Rc2 64. Qb4 Rd2+ 65. Ke3 Rc2 66. Kd3 Rb2 67. Qe1# 1-0

[Event "Late-Titled-Tuesday-Blitz-March-05-2024"]
[Site "Chess.com"]
[Date "2024.03.05"]
[Round "5"]
[White "TheoSlade"]
[Black "Pachonpower"]
[Result "0-1"]
[WhiteElo "2407"]
[BlackElo "2297"]
[TimeControl "180+1"]
[EndTime "14:55:44 PST"]
[Termination "Pachonpower won by checkmate"]

1. d4 d5 2. c4 c6 3. cxd5 cxd5 4. Bf4 Nf6 5. e3 e6 6. Nc3 Bd6 7. Bxd6 Qxd6 8. Bd3 Bd7 9. f4 Nc6 10. Nf3 a6 11.
O-O O-O 12. Ne5 Rfe8 13. Rf3 g6 14. Rh3 Kg7 15. g4 Rh8 16. g5 Ng8 17. Na4 Nxe5 18. fxe5 Qe7 19. Rg3 h5 20. Nc5 b6 21. Nxa6 h4 22.
Rg2 Rh5 23. Qg4 Bc8 24. Qe2 Bxa6 25. Bxa6 Rxg5 26. Bd3 Nh6 27. a3 Rxg2+ 28. Qxg2 b5 29. Bxb5 Nf5 30. Re1 Rb8 31. Bd3 h3 32. Qxh3 Rxb2 33.
Bxf5 exf5 34. Ra1 Rb3 35. Qg2 Qb7 36. a4 Rxe3 37. a5 Rb3 38. a6 Rb1+ 39. Rxb1 Qxb1+ 40. Qf1 Qb6 41. Qd3 f6 42. exf6+ Kxf6 43. Kf2 g5 44.
Ke3 Qe6+ 45. Kf3 g4+ 46. Kf2 Qd6 47. Kg2 Qb6 48. Kf2 Qb2+ 49. Kg3 Qb8+ 50. Kg2 Kg5 51. Qd2+ Kh5 52. Qa2 Qa8 53. a7 f4 54. Qa6 f3+ 55. Kg1 Qe8 56. Qa5 Qe3+ 57. Kh1 Qc1+ 58. Qe1 Qxe1# 0-1

[Event "Late-Titled-Tuesday-Blitz-March-05-2024"]
[Site "Chess.com"]
[Date "2024.03.05"]
[Round "5"]
[White "cristiano78"]
[Black "Schattman"]
[Result "1/2-1/2"]
[WhiteElo "2294"]
[BlackElo "2424"]
[TimeControl "180+1"]
[EndTime "14:55:46 PST"]
[Termination "Game drawn by repetition"]

1. d4 Nf6 2. c4 g6 3. Nc3 d5 4. Bf4 Bg7 5. e3 c5 6. dxc5 Qa5 7. Rc1 Ne4 8. cxd5 Nxc3 9. Qd2 O-O 10. bxc3 Qxc5 11. e4 Nd7 12. Be3 Qc7 13. Nf3 Nc5 14. Bd3 Bg4 15. Nd4 a6 16. f3 Bd7 17.
O-O Rfc8 18. Be2 Be5 19. f4 Nxe4 20. Qd3 Nc5 21. Qd2 Bg7 22. f5 Be5 23. fxg6 hxg6 24. h3 Ne4 25. Qd3 Ng3 26. Rf2 Nxe2+ 27. Qxe2 Rf8 28.
Rcf1 Bg7 29. Qd2 Rac8 30. Ne2 Bb5 31. Bd4 Bxe2 32. Rxe2 Bxd4+ 33. Qxd4 Qxc3 34. Qxc3 Rxc3 35. Rxe7 Rd3 36. Rxb7 Rxd5 37. Rb2 Kg7 38. Rc1 Rfd8 39. Rc6 Rd1+ 40. Kh2 a5 41. Rb5 R1d5 42. Rcc5 Rxc5 43. Rxc5 Ra8 44. a4 Kf6 45. g4 g5 46. Kg3 Kg6 47. h4 gxh4+ 48. Kxh4 Ra6 49. Kg3 f6 50. Kf4 Ra8 51. Ke4 Re8+ 52. Kd4 Rb8 53. Rxa5 Rb4+ 54.
Ke3 Rxg4 55. Ra8 Rg3+ 56. Kf4 Ra3 57. a5 Ra4+ 58. Kf3 Kf5 59. a6 Ra3+ 60. Ke2 Kf4 61.
a7 f5 62. Kd2 Kf3 63. Kc2 f4 64.
Kb2 Ra6 65. Kb3 Kf2 66. Kb4 f3 67. Kb5 Ra1 68. Kb6 Rb1+ 69. Kc5 Rc1+ 70. Kb6 Rb1+ 71.
Kc5 Rc1+ 72. Kb6 Rb1+ 1/2-1/2

[Event "Late-Titled-Tuesday-Blitz-March-05-2024"]
[Site "Chess.com"]
[Date "2024.03.05"]
[Round "5"]
[White "WPWPWP-2015"]
[Black "fandebobbyfischer"]
[Result "1-0"]
[WhiteElo "2501"]
[BlackElo "2642"]
[TimeControl "180+1"]
[EndTime "14:55:48 PST"]
[Termination "WPWPWP-2015 won by resignation"]

1. e4 d5 2. exd5 Qxd5 3. Nc3 Qe5+ 4. Qe2 Qxe2+ 5. Bxe2 Nc6 6. Nf3 Bf5 7. d3 O-O-O 8. Be3 e5 9. O-O-O Nf6 10. h3 Bb4 11. a3 Bxc3 12. bxc3 Nd5 13. Bd2 f6 14. Rhe1 Rhe8 15. Bf1 a6 16. Kb2 Nb6 17. c4 Na4+ 18. Kb3 b5 19. cxb5 axb5 20. Bb4 Kb7 21. c4 Be6 22.
Kc2 Nxb4+ 23. axb4 Nb6 24. Nd2 bxc4 25. dxc4 Rd4 26.
Nb3 Rxd1 27. Rxd1 Bf5+ 28. Kb2 e4 29. Nc5+ Kc8 30. Ra1 Kb8 31. g4 Bg6 32. Ra3 c6 33. Ra6 Kc7 34. Ra7+ Kd6 35. Nb7+ Ke5 36. Na5 Kf4 37.
Rb7 Nc8 38. Nxc6 Kf3 39. c5 Kxf2 40. Ba6 e3 41. Nd4 Rd8 42. Kc3 h5 43. Rb8 hxg4 44. hxg4 Re8 45. Rxc8 Rxc8 46. Bxc8 Be4 47. Ba6 g6 48. Bd3 Bxd3 49. Kxd3 f5 50. gxf5 gxf5 51.
c6 f4 52. c7 f3 53. c8=Q e2 54. Nc2 Kf1 55. Qg4 Kf2 56. Qh4+ Kg2 57. Ne3+ Kg1 58.
Qg3+ Kh1 59. Qf2 1-0

[Event "Late-Titled-Tuesday-Blitz-March-05-2024"]
[Site "Chess.com"]
[Date "2024.03.05"]
[Round "5"]
[White "secretworker2027"]
[Black "igorkovalenko"]
[Result "1-0"]
[WhiteElo "2676"]
[BlackElo "2916"]
[TimeControl "180+1"]
[EndTime "14:55:49 PST"]
[Termination "secretworker2027 won on time"]

1. e4 c5 2. Nc3 e6 3. Nf3 a6 4. d4 cxd4 5. Nxd4 b5 6. Bd3 Bb7 7. Qe2 Nc6 8. Nxc6 Bxc6 9. O-O Bc5 10. Be3 Qb6 11. Nd5 Bxd5 12. Bxc5 Qxc5 13. exd5 Nf6 14.
dxe6 dxe6 15. a4 O-O 16. axb5 axb5 17. Rxa8 Rxa8 18. Bxb5 g6 19. Bd3 Rb8 20. b3 Kg7 21.
h3 e5 22. Re1 e4 23. Bc4 Re8 24. Qe3 Qe5 25. Qg3 Qc5 26. Qe3 Qe5 27. Qg3 Qa5 28. Qe3 Re7 29. Rd1 h5 30. Qd2 Qf5 31. Qc3 h4 32. Rd5 Qf4 33. Rd1 Qg5 34. Qe3 Qe5 35. Qd4 Qf5 36. Qe3 Kh7 37. Be2 Qe5 38. c4 Qb2 39.
Bf1 Kg7 40. c5 Rb7 41. Bc4 Rc7 42. Qd4 Qxd4 43. Rxd4 Rxc5 44. Rd6 Rc7 45. Kf1 Nd7 46. Ke2 Ne5 47. Bd5 f5 48. b4 Nd3 49. b5 Rc2+ 50. Ke3 Rb2 51. Bc4 Nxf2 52. Kf4 Rb4 53. Be2 Kh6 54. Ke5 Kg5 55. b6 Nd3+ 56. Kd5 Rb2 57.
Bxd3 exd3 58. Kc6 d2 59. b7 Rc2+ 60. Kb6 Kf4 61. Rxd2 1-0

[Event "Late-Titled-Tuesday-Blitz-March-05-2024"]
[Site "Chess.com"]
[Date "2024.03.05"]
[Round "5"]
[White "yaguigor"]
[Black "czasnaszachy"]
[Result "1-0"]
[WhiteElo "2577"]
[BlackElo "2436"]
[TimeControl "180+1"]
[EndTime "14:55:52 PST"]
[Termination "yaguigor won on time"]

1. e4 e5 2. Nf3 Nc6 3. Bb5 a6 4.
Ba4 Nf6 5. O-O Be7 6. Re1 b5 7. Bb3 d6 8. c3 O-O 9. h3 Na5 10.
Bc2 c5 11. d4 Qc7 12. Nbd2 Bd7 13. Nf1 Nc4 14. Ne3 Nxe3 15. Bxe3 cxd4 16. cxd4 Rfc8 17. Rc1 Qb8 18. Bg5 h6 19. Bxf6 gxf6 20. Bb3 Rxc1 21. Qxc1 Qf8 22. Qc7 Qd8 23. Rc1 Rc8 24. Qxd8+ Bxd8 25. Rxc8 Bxc8 26. Bd5 Bb6 27. dxe5 fxe5 28. b4 Kf8 29.
Kf1 Ke7 30. Ke2 f5 31. Nd2 Bd4 32. exf5 Bxf5 33. Bb7 Bd7 34. Bxa6 Bc6 35. f3 Kd8 36. Nb3 Bc3 37. Na5 Kc7 38. Nxc6 Kxc6 39. g4 Bxb4 40. h4 Kb6 41. Bc8 Kc7 42. Be6 Kd8 43. g5 hxg5 44.
hxg5 Ke7 45. Bd5 Bc5 46. Kd3 b4 47. Ke4 Kf8 48. Kf5 Kg7 49. Bc6 Bd4 50. Be4 Be3 51. Ke6 Bxg5 52. Kxd6 Kf6 53. Kc5 Bd2 54. Kc4 Be1 55.
Kb3 Bd2 56. Kc2 Be1 57. Bb7 Kg5 58. Kd1 Bc3 59. Ke2 Bd4 60. Kd3 Kf4 61. Kc4 Bc3 62.
a4 Be1 63. Kb3 Ke3 64. a5 Bf2 65. Kxb4 Kd3 66. Kb5 Kc3 67. Be4 1-0

[Event "Late-Titled-Tuesday-Blitz-March-05-2024"]
[Site "Chess.com"]
[Date "2024.03.05"]
[Round "5"]
[White "ferdipy"]
[Black "bazar-wokzal"]
[Result "0-1"]
[WhiteElo "2307"]
[BlackElo "2563"]
[TimeControl "180+1"]
[EndTime "14:55:52 PST"]
[Termination "bazar-wokzal won by checkmate"]

1. e4 Nc6 2. d4 d5 3. exd5 Qxd5 4. Nf3 Bg4 5. Be2 O-O-O 6. O-O Bxf3 7. Bxf3 Qxd4 8. Qe2 Qe5 9. Qc4 Nd4 10. Bg4+ e6 11. Nc3 Bd6 12. g3 h5 13. Bd1 h4 14. Bf4 Qc5 15.
Qxc5 Bxc5 16. Ne4 Be7 17. c3 Nc6 18. Bf3 f5 19. Ng5 e5 20. Nf7 exf4 21. Bxc6 bxc6 22.
Nxh8 fxg3 23. hxg3 hxg3 24. fxg3 Nh6 25. Ng6 Bc5+ 26.
Kh1 Rd2 27. Rad1 Rxb2 28. Nf4 Ng4 29. Ng2 Nf2+ 30. Rxf2 Rxf2 31. a4 g5 32. Re1 f4 33.
gxf4 gxf4 34. Re4 f3 35. Nf4 Rc2 36. Nd3 Rxc3 37. Nxc5 Rxc5 38. Kg1 Rf5 39. Kf2 c5 40. Rc4 Kb7 41. Rh4 Kc6 42. Rh7 c4 43. Rh4 Kc5 44. Rh7 c6 45. Rxa7 Kb4 46. a5 c3 47. Rb7+ Kxa5 48. Rb1 Ka4 49. Rc1 Kb3 50. Rb1+ Ka2 51. Rc1 Kb2 52. Rh1 c2 53. Rh2 c1=Q 54. Kg3+ Kc3 55.
Kg4 Qf4+ 56. Kh3 Rh5# 0-1

[Event "Late-Titled-Tuesday-Blitz-March-05-2024"]
[Site "Chess.com"]
[Date "2024.03.05"]
[Round "5"]
[White "Adham_Fawzy"]
[Black "laziestwin"]
[Result "0-1"]
[WhiteElo "2794"]
[BlackElo "2594"]
[TimeControl "180+1"]
[EndTime "14:55:53 PST"]
[Termination "laziestwin won by checkmate"]

1. e4 c5 2. c4 e5 3. Nc3 Nc6 4. g3 g6 5. Bg2 Bg7 6. Nge2 Nge7 7. O-O O-O 8. d3 d6 9. a3 f5 10. Be3 Be6 11. Rb1 a5 12. Nd5 Nd4 13. exf5 Bxd5 14.
cxd5 Nexf5 15. Nxd4 Nxe3 16. fxe3 exd4 17. e4 Qg5 18. Qc2 h5 19. Kh1 h4 20. Bh3 hxg3 21. Be6+ Kh7 22. hxg3 Qxg3 23. Qh2+ Qxh2+ 24. Kxh2 Be5+ 25. Kg2 Kg7 26. a4 Bf4 27. Rf3 g5 28. Rh1 Rh8 29.
Rfh3 Rxh3 30. Rxh3 Ra6 31. Bd7 Ra8 32. Kf3 Rh8 33.
Rxh8 Kxh8 34. Kg4 Kg7 35. Kf5 Kh6 36. Be8 Kg7 37. Bh5 Kh6 38. Bg4 Kg7 39. Ke6 Kf8 40.
Kd7 Kf7 41. Kc7 Kf6 42. b3 Ke5 43. Bd1 Bd2 44. Kd7 Bb4 45. Ke7 Kf4 46. Kxd6 c4+ 47. Kc7 c3 48. d6 g4 49. d7 Be7 50. e5 g3 51. e6 g2 52. d8=Q Bxd8+ 53. Kxd8 g1=Q 54. e7 Qg5 55. Kd7 Qd5+ 56. Kc7 Qc6+ 57. Kd8 Qd6+ 58. Ke8 Ke5 59. Kf7 Qf6+ 60. Ke8 Kd6 61. Kd8 Qxe7+ 62. Kc8 Qc7# 0-1

[Event "Late-Titled-Tuesday-Blitz-March-05-2024"]
[Site "Chess.com"]
[Date "2024.03.05"]
[Round "5"]
[White "PawnEatingZombie"]
[Black "Jahonas"]
[Result "1/2-1/2"]
[WhiteElo "2176"]
[BlackElo "2386"]
[TimeControl "180+1"]
[EndTime "14:55:53 PST"]
[Termination "Game drawn by repetition"]

1. e4 c6 2. Nf3 d5 3. d3 dxe4 4. dxe4 Qxd1+ 5. Kxd1 Bg4 6. Be2 Nd7 7. Ne1 Bxe2+ 8.
Kxe2 e5 9. Nd3 f6 10. a4 Nc5 11. f3 Nxd3 12. cxd3 Bc5 13. Be3 Bxe3 14. Kxe3 O-O-O 15. Nc3 Ne7 16. Rhd1 Rd7 17. d4 exd4+ 18. Rxd4 Rxd4 19. Kxd4 Rd8+ 20. Ke3 Kc7 21. a5 a6 22. Na4 Ng6 23. Nc5 Rd6 24. f4 Nf8 25. h4 Nd7 26. Nd3 c5 27. Rc1 Rc6 28. b3 Kd6 29. g4 h6 30.
h5 b5 31. axb6 Rxb6 32. Rc3 Rb5 33. Nc1 Ra5 34. Ne2 Ra2 35. Ng3 Rg2 36. Kf3 Rh2 37. Nf5+ Kc6 38. Rd3 c4 39. bxc4 Nc5 40. Rd6+ Kc7 41.
Rd4 a5 42. Nxg7 a4 43. Rd5 Kc6 44. Rd8 Na6 45. Rd1 a3 46. Ra1 a2 47. Nf5 Nb4 48.
Nd4+ Kc5 49. Nb3+ Kxc4 50. Nc1 Kc3 51. Nxa2+ Nxa2 52. e5 fxe5 53. fxe5 Kd4 54. e6 Nc3 55. e7 Re2 56. Ra7 Re6 57. Kf4 Nd5+ 58. Kf5 Re4 59. Kg6 Rxg4+ 60. Kxh6 Re4 61. Kh7 Nxe7 62. h6 Nf5 63.
Kg6 Nd6 64. h7 Rh4 65. Kg5 Rh1 66. Kg6 Ke5 67. Kg7 Rg1+ 68. Kf8 Rh1 69. Kg7 Rg1+ 70.
Kf8 Rh1 71. Kg7 1/2-1/2

[Event "Late-Titled-Tuesday-Blitz-March-05-2024"]
[Site "Chess.com"]
[Date "2024.03.05"]
[Round "5"]
[White "GilbertoHernandezAmura"]
[Black "mac0504"]
[Result "0-1"]
[WhiteElo "2478"]
[BlackElo "2721"]
[TimeControl "180+1"]
[EndTime "14:55:54 PST"]
[Termination "mac0504 won by resignation"]

1. c4 Nf6 2. g3 g6 3. Bg2 Bg7 4. Nc3 O-O 5. d3 Nc6 6. e4 d6 7. Nge2 Nd7 8. O-O e5 9. Nd5 Nd4 10. Nxd4 exd4 11. f4 c6 12. Nb4 Nc5 13. Nc2 a5 14. b3 f5 15. Rb1 Re8 16. Re1 fxe4 17. dxe4 d3 18. Ne3 Nxe4 19. Qxd3 Nc3 20. Rb2 Bf5 21. Qf1 Qb6 22. Kh1 Be4 23. Bxe4 Rxe4 24. Rc2 Rae8 25. Ng2 Rxe1 26. Nxe1 Qd4 27. Ng2 Qe4 28.
Rd2 d5 29. cxd5 Nxd5 30. Bb2 Ne3 31. Qa1 Nxg2 32. Rxg2 Qe1+ 33. Rg1 Qe4+ 34. Rg2 Bxb2 35. Qxb2 Qf3 36. h3 Re1+ 37. Kh2 Qf1 38. g4 Qxf4+ 39.
Rg3 Qf1 40. Rg2 Qf4+ 41. Rg3 Rf1 42. Kg2 Re1 43. Qf2 Qxf2+ 44. Kxf2 Ra1 45. Rd3 Rxa2+ 46. Ke3 Kf7 47. Rd7+ Ke6 48. Rxh7 b5 49. Rc7 Kd5 50. Rg7 Ra3 51. Kf4 Rxb3 52. h4 a4 53. Ra7 a3 54.
Kg5 b4 55. Kxg6 Rb2 56. h5 a2 57. h6 b3 58. h7 Rh2 59. Ra5+ c5 60. Kg7 Rxh7+ 61.
Kxh7 b2 62. Rxa2 b1=Q+ 63. Kh6 Qxa2 64. g5 Qh2+ 65. Kg7 Ke6 0-1

[Event "Late-Titled-Tuesday-Blitz-March-05-2024"]
[Site "Chess.com"]
[Date "2024.03.05"]
[Round "5"]
[White "s-dshubin"]
[Black "PepeCuenca"]
[Result "0-1"]
[WhiteElo "2321"]
[BlackElo "2689"]
[TimeControl "180+1"]
[EndTime "14:55:58 PST"]
[Termination "PepeCuenca won by checkmate"]

1. e4 c5 2. Nf3 Nc6 3. d4 cxd4 4. Nxd4 e5 5. Nb5 d6 6. N1c3 a6 7. Na3 Be7 8. Nd5 Nf6 9. Nxf6+ Bxf6 10. Nc4 O-O 11.
Qxd6 Qxd6 12. Nxd6 Nb4 13. Bd3 Rd8 14. Nxc8 Raxc8 15. O-O Nxc2 16. Bxc2 Rxc2 17. b3 h6 18. Be3 Bg5 19.
Rfc1 Rdc8 20. Rxc2 Rxc2 21. Bxg5 hxg5 22. Kf1 Kf8 23. g3 g4 24. Rd1 Ke7 25. a4 Rc3 26.
Rd5 f6 27. b4 Rc1+ 28. Kg2 Rc4 29. b5 Rxa4 30. bxa6 bxa6 31. h3 gxh3+ 32. Kxh3 Ra2 33. f3 a5 34. Kg4 Ke6 35. f4 exf4 36.
gxf4 Ra4 37. f5+ Ke7 38. Kf4 Ra1 39. Rb5 Kd6 40. Rb6+ Kc5 41. Rb7 Rg1 42. e5 Rf1+ 43. Ke4 Re1+ 44. Kf4 fxe5+ 45. Kg5 Rg1+ 46. Kh5 e4 47.
Ra7 Kd4 48. Rxa5 Ke3 49. Rb5 Kf4 50. Rb3 Rh1+ 51. Kg6 Rg1+ 52. Kf7 Kxf5 53. Rb5+ Kf4 54. Rb2 e3 55. Rb4+ Kf3 56. Rb6 e2 57. Kg8 e1=Q 58. Kh7 Qh4+ 59. Kg8 Qd8+ 60. Kf7 Qxb6 61. Kg8 g5 62. Kh7 g4 63. Kg7 Ra1 64. Kf7 Ra7+ 65. Ke8 Qb8# 0-1

[Event "Late-Titled-Tuesday-Blitz-March-05-2024"]
[Site "Chess.com"]
[Date "2024.03.05"]
[Round "5"]
[White "ritanovikova"]
[Black "XeresLt"]
[Result "0-1"]
[WhiteElo "2214"]
[BlackElo "2470"]
[TimeControl "180+1"]
[EndTime "14:56:00 PST"]
[Termination "XeresLt won on time"]

1. e4 c5 2. Nc3 Nc6 3. d3 g6 4.
Be3 Nd4 5. Qd2 Bg7 6. Nd1 e5 7. c3 Ne6 8. h4 h5 9. g3 d6 10.
Bg2 Bh6 11. Bxh6 Nxh6 12. Ne2 Ng4 13. Ne3 Nxe3 14. Qxe3 Bd7 15. f4 Qb6 16. O-O-O O-O-O 17. f5 gxf5 18. exf5 Nc7 19. Rhf1 f6 20. d4 exd4 21.
cxd4 Rhe8 22. Qf2 Bb5 23. dxc5 dxc5 24. Rxd8+ Kxd8 25. Rd1+ Kc8 26. Nc3 c4 27. Qxb6 axb6 28. Rd6 Re1+ 29. Kd2 Rg1 30. Be4 Rxg3 31. Rxf6 Rg4 32.
Rxb6 Bd7 33. Bxb7+ Kd8 34. f6 Rxh4 35. Rd6 Ne8 36.
f7 Rf4 37. fxe8=Q+ Kxe8 38. Bc6 Bxc6 39. Rxc6 h4 40.
Rh6 Kf7 41. a4 Kg7 42. Rh5 Kg6 43. Rh8 Kg7 44. Rh5 Kg6 45. Re5 h3 46. Re1 Rf2+ 47.
Ne2 Kg5 48. Ke3 Rf5 49. Rh1 Kg4 50. Rg1+ Kh4 51. Nf4 h2 52. Rh1 Kg3 53. Ne2+ Kg2 54. Rxh2+ Kxh2 55. Nc3 Kg3 56. Kd4 Rf4+ 57. Kc5 Kf3 58.
a5 Ke3 59. a6 Kd3 60. a7 Rf8 61. Kb6 Kc2 62. Na4 Kb3 63. Ka5 Ra8 64. Nb6 Rxa7+ 65.
Kb5 Rb7 66. Kc5 Rxb6 0-1

[Event "Late-Titled-Tuesday-Blitz-March-05-2024"]
[Site "Chess.com"]
[Date "2024.03.05"]
[Round "5"]
[White "ukchessbomber"]
[Black "ckgchess"]
[Result "0-1"]
[WhiteElo "2658"]
[BlackElo "2916"]
[TimeControl "180+1"]
[EndTime "14:56:04 PST"]
[Termination "ckgchess won on time"]

1. c4 g6 2. b3 Bg7 3. Nc3 Nf6 4.
Bb2 O-O 5. e3 c5 6. Nf3 Nc6 7. g3 d5 8. cxd5 Nxd5 9. Bg2 Ndb4 10. O-O Bf5 11. Ne1 Rc8 12. a3 Nd3 13. Nxd3 Bxd3 14.
Re1 Qd7 15. Ra2 Rfd8 16. Nd5 e5 17. Qa1 Qe6 18. Nf4 Qxb3 19. Nxd3 Rxd3 20. Bc3 b6 21. Rb1 Qe6 22. a4 Nb4 23. Bxb4 cxb4 24. Rxb4 Rcd8 25. Be4 Rxd2 26. Rxd2 Rxd2 27. Qc3 Rd8 28. Kg2 Bf8 29. Rb5 Bc5 30. a5 Kg7 31. a6 Rd1 32. Bb7 h5 33. h4 Kh7 34. Rxc5 bxc5 35. Qxc5 e4 36. Qc7 Qf5 37. Qf4 Qxf4 38. gxf4 f5 39. f3 Rd2+ 40.
Kg3 exf3 41. Kxf3 Kg7 42. e4 Rd3+ 43. Ke2 fxe4 44. Bxe4 Ra3 45. Bd3 Kf6 46. Kd2 Kg7 47. Ke3 Ra4 48. Kf3 Kf6 49. Ke3 Rb4 50. Kf3 Rb3 51. Ke3 Ra3 52. Ke4 Ra1 53. Kd4 Rh1 54. Kc5 Rxh4 55. Kc6 Rxf4 56. Kb7 Rd4 57. Bf1 Rd7+ 58.
Kb8 h4 59. Bh3 Re7 60. Bg2 g5 61. Bb7 h3 62. Kxa7 h2 63. Kb8 Rxb7+ 64. axb7 h1=Q 65. Ka7 Qxb7+ 0-1